 Dungeon Sprint DCSS version 0.21.1-1-g345015f (webtiles) character file.

152 Mgcat the Shield-Bearer (level 5, -1/52 HPs)
             Began as a Deep Dwarf Fighter on Feb 9, 2018.
             Was an Initiate of Makhleb.
             Shot with an arrow by a deep elf master archer (40 damage)
             ... in the Dungeon (Sprint II: "The Violet Keep of Menkaure").
             The game lasted 00:01:14 (109 turns).

Mgcat the Shield-Bearer (Deep Dwarf Fighter)         Turns: 109, Time: 00:01:15

Health: -1/52      AC:  7    Str: 20    XL:     5   Next: 11%
Magic:  4/4        EV:  8    Int:  8    God:    Makhleb [......]
Gold:   243        SH: 10    Dex: 13    Spells: 4/4 levels left

rFire    . . .     SeeInvis .   a - +0 war axe
rCold    . . .     Gourm    .   c - +0 shield
rNeg     . . .     Faith    .   b - +0 scale mail
rPois    .         Spirit   .   (no helmet)
rElec    .         Reflect  .   (no cloak)
rCorr    .         Harm     .   (no gloves)
MR       .....     NoTele   +   (no boots)
Stlth    ..........             (no amulet)
HPRegen  0.00/turn              (no ring)
MPRegen  0.09/turn              (no ring)

@: non-regenerating
A: damage resistance, heal wounds, sense surroundings 1, no regeneration
a: Heal Wounds, Renounce Religion


You were in the Dungeon.
You worshipped Makhleb.
Makhleb was noncommittal.
You were not hungry.

You visited 1 branch You collected 243 gold pieces.

Inventory:

Hand Weapons
 a - a +0 war axe (weapon)
Armour
 b - a +0 scale mail (worn)
 c - a +0 shield (worn)
Scrolls
 k - a scroll of blinking {!r}
Potions
 e - a potion of curing
 g - a potion of heal wounds
 h - a potion of haste
 i - 2 potions of magic
 j - a potion of berserk rage {!q}
Comestibles
 f - a ration
 l - 8 chunks of flesh {@w0}


   Skills:
 + Level 5.4 Fighting
 + Level 6.0 Axes
 + Level 6.5 Armour
 + Level 6.5 Shields


You had 4 spell levels left.
You didn't know any spells.

Dungeon Overview and Level Annotations

Branches:
Dungeon (1/1)

Altars:
Cheibriados
Dithmenos
Elyvilon
Fedhas
Gozag
Hepliaklqana
Kikubaaqudgha
Makhleb
Nemelex Xobeh
Okawaru
Qazlal
Ru
Sif Muna
Trog
Uskayaw
Vehumet
Wu Jian
Xom
Yredelemnul
Zin
The Shining One
Beogh
Jiyva
Lugonu

Shops:
D (=[[%=%?(}!*:=!


Innate Abilities, Weirdness & Mutations

You are resistant to damage.
You can heal yourself by infusing magical energy.
You passively map a small area around you.
You do not regenerate.


Message History

Unknown command.
Unknown command.
Found Yngunosk's Distillery.
You barely miss Menkaure. You block Menkaure's attack.
Menkaure barely misses you.
You hit Menkaure but do no damage.
Menkaure's ankle releases a plume of dust as he confides, "I'm not really a mummy, you know."
You block Menkaure's attack.
Your scale mail prevents you from hitting Menkaure.
Menkaure calls on the powers of darkness!
Your body is wracked with pain!
You hit Menkaure.
Menkaure is lightly damaged.
Menkaure hits you.
* * * LOW HITPOINT WARNING * * *
You feel much better. You block Menkaure's attack.
You feel very mighty all of a sudden. Menkaure hits you!
You slash Menkaure!
Menkaure is heavily damaged.
Menkaure hits you!
* * * LOW HITPOINT WARNING * * *
You feel much better. Menkaure hits you!!
Your magical essence is drained by the effort!
You feel much better.
You barely miss Menkaure.
Menkaure is heavily damaged.
Menkaure hits you!
You barely miss Menkaure.
Menkaure is heavily damaged.
Menkaure hits you! You block Menkaure's attack.
You fail to use your ability.
You slash Menkaure!
You destroy Menkaure!
Your Fighting skill gained 2 levels and is now at level 5!
Your Axes skill gained 2 levels and is now at level 6!
Your Armour skill gained 2 levels and is now at level 6!
Your Shields skill gained 2 levels and is now at level 6!
You have reached level 4!
You feel stronger.
You have reached level 5!
Unknown command.
Found Sukuh's Book Shoppe and Cezatai's Jewellery Emporium.
You enter the shallow water.
Moving in this stuff is going to be slow.
Found three shops.
Found four shops.
Found three shops.
Found 81 gold pieces.
Found Coruf's Antique Weapon Emporium and Xafre's Jewellery Shoppe.
You feel much better.
You feel a little less mighty now.
Really walk into a travel-excluded area?
Really walk into a travel-excluded area? [Y]es or [N]o only, please.
Really walk into a travel-excluded area?
You are engulfed in a cloud of scalding steam.
Found three altars.
Found three altars.
Found three altars.
Found three altars.
You enter the shallow water.
Moving in this stuff is going to be slow.
Found three altars.
Found three altars.
Unknown command.
Unknown command.
Unknown command.
You open the door.
Found four items.
Found four altars.
There is an open door here.
Found 54 gold pieces, 2 scrolls labeled FEBUMINKAA and a lumpy ruby potion.
Found an opulent altar of Gozag and an iron altar of Okawaru.
There is a burning altar of Makhleb here.
You kneel at the altar of Makhleb.
Makhleb welcomes you!
Unknown command.
Press < or > to pray at altars.
There is a corrupted altar of Lugonu here.
The walls and floor vibrate strangely for a moment.
There is an ancient bone altar of Kikubaaqudgha here.
There is a viscous altar of Jiyva here.
There is a hazy altar of Hepliaklqana here.
There is an open door here.
You enter the shallow water.
Moving in this stuff is going to be slow.
You found a bolt trap!
Really walk into that bolt trap? [Y]es or [N]o only, please.
Really walk into that bolt trap?
Okay, then.
Unknown command.
A spear shoots out and hits your shield.
A deep elf master archer comes into view.
The deep elf master archer shouts!
The deep elf master archer wields a longbow.
The deep elf master archer shoots an arrow.
The arrow hits you!!!
Ouch! That really hurt!
You die...

* * +####,,, , ,
§§§≈§§≈## , + * ≈
≈§§≈§§§## , *
≈§§§§≈≈≈≈##++# , , ,
≈§≈§≈§≈##§...### #
;;;≈ #e≈.....# *, ≈ *
#+++#+++##* #....# ,
.........# +...@#,
≈.##'##..# ####.# , ,
, ≈##.#.##.#### +.###
, ≈#..##.#,...#
,#...# ,, ###..###
*..## ##..# $!$ ##'#
#..# +.^# ▓$?$?$ , ,
##.## #..# #..#
*▓$$$$?? +.<.+*
+..####..####▓=?[$$?(
##.##
#..§.###...##▓▓▓▓▓▓▓+
*


You could see a deep elf master archer.

Vanquished Creatures
  Menkaure (D)
  A crocodile (D)
  3 worms (D)
5 creatures vanquished.

Notes
Turn   | Place    | Note
-------+----------+-------------------------------------------
     0 | D        | Mgcat the Deep Dwarf Fighter began the quest for the Orb.
     0 | D        | Reached XP level 1. HP: 20/20 MP: 1/1
    10 | D        | Reached skill level 3 in Fighting
    12 | D        | Reached skill level 3 in Axes
    23 | D        | Noticed an electric eel
    23 | D        | Noticed an electric eel
    23 | D        | Noticed an electric eel
    23 | D        | Noticed a crocodile
    25 | D        | Killed a crocodile
    25 | D        | Reached skill level 4 in Armour
    25 | D        | Reached skill level 4 in Shields
    25 | D        | Reached XP level 2. HP: 16/30 MP: 2/2
    25 | D        | Reached XP level 3. HP: 20/36 MP: 3/3
    29 | D        | Reached skill level 4 in Axes
    37 | D        | Noticed Menkaure
    38 | D        | Found Yngunosk's Distillery.
    42 | D        | HP: 9/36 [Menkaure (5)]
    51 | D        | Killed Menkaure
    51 | D        | Reached skill level 5 in Fighting
    51 | D        | Reached skill level 6 in Axes
    51 | D        | Reached skill level 6 in Armour
    51 | D        | Reached skill level 6 in Shields
    51 | D        | Reached XP level 4. HP: 14/46 MP: 3/3
    51 | D        | Reached XP level 5. HP: 16/52 MP: 4/4
    52 | D        | Found Sukuh's Book Shoppe.
    52 | D        | Found Cezatai's Jewellery Emporium.
    53 | D        | Found Xeg Bemi's Gadget Emporium.
    53 | D        | Found Najinkefuff's Distillery.
    53 | D        | Found Yxkargh's General Store.
    54 | D        | Found Xuokhlued's Jewellery Emporium.
    54 | D        | Found Reemmace's Food Shoppe.
    54 | D        | Found Gaykitug's Magic Scroll Emporium.
    54 | D        | Found Kamasyno's Antique Weapon Shoppe.
    55 | D        | Found Saredwu's Antique Armour Emporium.
    55 | D        | Found Wyekiur's Antique Armour Shoppe.
    55 | D        | Found Digituq's Food Emporium.
    56 | D        | Found Coruf's Antique Weapon Emporium.
    56 | D        | Found Xafre's Jewellery Shoppe.
    68 | D        | Noticed an obsidian statue
    77 | D        | Found a roughly hewn altar of Beogh.
    78 | D        | Found a hazy altar of Hepliaklqana.
    78 | D        | Found a snail-covered altar of Cheibriados.
    80 | D        | Found a stormy altar of Qazlal.
    80 | D        | Found a viscous altar of Jiyva.
    80 | D        | Found a shadowy altar of Dithmenos.
    81 | D        | Found a sacrificial altar of Ru.
    81 | D        | Found an ancient bone altar of Kikubaaqudgha.
    81 | D        | Found a white marble altar of Elyvilon.
    82 | D        | Found an ornate altar of the Wu Jian Council.
    82 | D        | Found a deep blue altar of Sif Muna.
    82 | D        | Found a corrupted altar of Lugonu.
    83 | D        | Found a shimmering altar of Xom.
    83 | D        | Found a bloodstained altar of Trog.
    83 | D        | Found a burning altar of Makhleb.
    84 | D        | Found a glowing golden altar of the Shining One.
    84 | D        | Found a basalt altar of Yredelemnul.
    84 | D        | Found a hide-covered altar of Uskayaw.
    86 | D        | Found a glowing silver altar of Zin.
    86 | D        | Found a radiant altar of Vehumet.
    86 | D        | Found a blossoming altar of Fedhas.
    86 | D        | Found a sparkling altar of Nemelex Xobeh.
    87 | D        | Found an opulent altar of Gozag.
    87 | D        | Found an iron altar of Okawaru.
    89 | D        | Noticed a crocodile
    90 | D        | Noticed a crocodile
    93 | D        | Became a worshipper of Makhleb the Destroyer
   109 | D        | Noticed a deep elf master archer
   109 | D        | Shot with an arrow by a deep elf master archer

Skill      XL: |  1  2  3 |
---------------+----------+-----
Fighting       | 3 5 |  5.4
Axes           | 3 6 |  6.0
Armour         | 4 6 |  6.5
Shields        | 4 6 |  6.5

Action                   |  1- 3 |  4- 6 || total
-------------------------+-------+-------++-------
Melee: War axe           |    22 |       ||    22
 Abil: Heal Wounds       |     3 |     1 ||     4
  Use: Potion            |     1 |       ||     1
Armor: Scale mail        |     6 |       ||     6
Dodge: Dodged            |     3 |       ||     3
Block: Shield            |     9 |     1 ||    10

Vault maps used:
D:        the_violet_keep_of_menkaure

Table legend:
 A = Turns spent in this place as a percentage of turns spent in the entire game.
 B = Non-inter-level travel turns spent in this place as a percentage of non-inter-level travel turns spent in the entire game.
 C = Inter-level travel turns spent in this place as a percentage of turns spent in this place.
 D = Turns resting spent in this place as a percentage of non-inter-level travel turns spent in this place.
 E = Turns spent auto-exploring this place as a percentage of non-inter-level travel turns spent in this place.
 F = Non-inter-level travel turns spent in this place divided by the number of levels of this place that you've seen.
                   A       B       C       D       E      F
               +-------+-------+-------+-------+-------+----------------------
         Total | 100.0 | 100.0 |   0.0 |   0.0 |   0.0 | 109.0
       Dungeon | 100.0 | 100.0 |   0.0 |   0.0 |   0.0 | 109.0
               +-------+-------+-------+-------+-------+----------------------

Table legend:
 A = Kills in this place as a percentage of kills in entire the game.
 B = Kills by you in this place as a percentage of kills by you in the entire game.
 C = Kills by friends in this place as a percentage of kills by friends in the entire game.
 D = Other kills in this place as a percentage of other kills in the entire game.
 E = Experience gained in this place as a percentage of experience gained in the entire game.
 F = Experience gained in this place divided by the number of levels of this place that you have seen.
                   A       B       C       D       E      F
               +-------+-------+-------+-------+-------+----------------------
         Total | 100.0 | 100.0 |   N/A |   N/A | 100.0 | 218.0
       Dungeon | 100.0 | 100.0 |   N/A |   N/A | 100.0 | 218.0
               +-------+-------+-------+-------+-------+----------------------
